 Dungeon Crawl Stone Soup version 0.31-a0-833-gc15d34cb79 (webtiles) character file.

Game seed: 10981996455413802702

41 lunkers the Chucker (level 4, 0/33 HPs)
             Began as a Meteoran Wanderer on Sept 25, 2023.
             Slain by an adder (2 damage)
             ... on level 2 of the Dungeon.
             The game lasted 00:01:03 (784 turns).

lunkers the Chucker (Meteoran Wanderer)              Turns: 784, Time: 00:01:03

Health: 0/33       AC:  3    Str: 15    XL:     4   Next: 1%
Magic:  5/5        EV: 10    Int: 11    God:
Gold:   67         SH:  4    Dex: 16    Spells: 3/3 levels left

rFire   . . .        a - +2 short sword
rCold   . . .        k - +0 buckler
rNeg    . . .        f - +0 leather armour
rPois   .            (no helmet)
rElec   .            (no cloak)
rCorr   .            (no gloves)
SInv    .            (no boots)
Will    .....        (no amulet)
Stlth   +            (no ring)
HPRegen 0.25/turn    (no ring)
MPRegen 0.09/turn

%: no passive effects
@: lethally poisoned (0 -> -2), glowing
A: sense surroundings 1, otherworldly, glowing, explore regen
a: no special abilities


You were on level 2 of the Dungeon.
You visited 1 branch of the dungeon, and saw 2 of its levels.

You collected 67 gold pieces.

Inventory:

Hand Weapons
 a - a +2 short sword (weapon)
 d - a +0 dagger
Missiles
 c - 18 poisoned darts
Armour
 f - a +0 leather armour (worn)
 k - a +0 buckler (worn)
Scrolls
 g - a scroll of fog {unknown}
 h - a scroll of brand weapon {unknown}
 i - a scroll of identify {unknown}
Potions
 b - a potion of lignification
 e - a potion of might
 j - a potion of attraction {unknown}
 l - a potion of magic {unknown}
 m - a potion of heal wounds {unknown}


   Skills:
 + Level 4.9 Short Blades
 - Level 6.0 Throwing
 - Level 2.4 Evocations


You had 3 spell levels left.
You didn't know any spells.
Your spell library was empty.

Dungeon Overview and Level Annotations

Branches:
Dungeon (2/15) Zot: 428

Altars:


Innate Abilities, Weirdness & Mutations

You passively map a small area around you.
You are easily found by Zot.
You glow in the dark.
You regain HP and MP as you explore.


Message History

You closely miss the quokka.
You feel sick. The quokka completely misses you.
Unknown command.
You closely miss the quokka.
You feel sick.
You are no longer poisoned.
The quokka bites you but does no damage.
Unknown command.
You hit the quokka.
The quokka is severely wounded.
The quokka barely misses you.
Unknown command.
You completely miss the quokka.
The quokka is heavily wounded.
You block the quokka's attack.
Unknown command.
You hit the quokka.
The quokka is almost dead.
The quokka barely misses you.
You hit the quokka but do no damage.
The quokka is severely wounded.
You block the quokka's attack.
You barely miss the quokka.
The quokka is severely wounded.
The quokka bites you.
* * * LOW HITPOINT WARNING * * *
You hit the quokka.
You kill the quokka!
The adder bites you.
* * * LOW HITPOINT WARNING * * *
You are lethally poisoned!
The adder poisons you!
You have reached level 4!
You hit the adder.
The adder is heavily wounded.
You feel sick. The adder bites you.
* * * LOW HITPOINT WARNING * * *
You hit the adder.
The adder is severely wounded.
* * * LOW HITPOINT WARNING * * *
You feel sick. The adder bites you.
You die...

.# * ... , , .# ,
,..######## .## ,
...#...... ..# *
*#......... #.# ,
#......... * ..# *
#......... * ..# * *
#.g....... , ..# *#,*#S#.#
..###### *, #.##@#.# * ,
.......#,* #......# * *
.#####.# *,#####...## * ,
.#####.# #...#....#
.......#,*,#.#.#.#..######
, .....###
*,#.#.#.#........ ....(..#
#.#.#.#.#.######., *** *
.....#.#,#.#.#.#.#.######
,,
....)#.#.#.#.#.#.#.##...#
* *


You could see an adder and a goblin.

Vanquished Creatures
  2 adders (D:2)
  A dart slug (D:2)
  3 bats (D:1)
  An endoplasm (D:1)
  2 giant cockroaches
  A goblin (D:1)
  A hobgoblin (D:1)
  A jackal (D:1)
  2 quokkas
  2 ball pythons (D:1)
  2 frilled lizards (D:2)
  2 rats
20 creatures vanquished.

Notes
Turn   | Place    | Note
-------+----------+-------------------------------------------
     0 | D:1      | lunkers the Meteoran Wanderer began the quest for the Orb.
     0 | D:1      | lunkers set off with the following items: a +2 short sword,
                  | a potion of lignification, 13 poisoned darts, a +0 dagger,
                  | a potion of might, a +0 leather armour.
     0 | D:1      | Reached XP level 1. HP: 14/14 MP: 2/2
   245 | D:1      | Reached XP level 2. HP: 12/20 MP: 3/3
   504 | D:1      | Glimpsed the power of Zot.
   568 | D:2      | Reached XP level 3. HP: 24/26 MP: 4/4
   783 | D:2      | Reached XP level 4. HP: 5/33 MP: 5/5
   784 | D:2      | Slain by an adder

Illustrated notes

Levels and vault maps discovered:
D:1:      psy_arrival_radial01, layout_loops_corners, minmay_box_of_dots
D:2:      layout_basic

Skill      XL: |  1  2 |
---------------+-------+-----
Short Blades   | 4 |  4.9
Throwing       | |  6.0
Evocations     | |  2.4

Action                     |  1- 3 |  4- 6 || total
---------------------------+-------+-------++-------
  Melee: Short sword       |    69 |     2 ||    71
         Punch             |     1 |       ||     1
 Armour: Leather armour    |    40 |     2 ||    42
  Dodge: Dodged            |    26 |       ||    26
  Block: Buckler           |    10 |       ||    10

Table legend: (Time is in decaauts)
 A = Elapsed time spent in this place.
 B = Non-inter-level travel time spent in this place.
 C = Inter-level travel time spent in this place.
 D = Time resting spent in this place.
 E = Time spent auto-exploring this place.
 F = Levels seen in this place.
 G = Mean time per level.
                   A        B        C        D        E       F      G
               +--------+--------+--------+--------+--------+-----+--------+
         Total |    770 |    750 |     20 |      0 |    600 |   2 |  385.0 |
       Dungeon |    770 |    750 |     20 |      0 |    600 |   2 |  385.0 |
               +--------+--------+--------+--------+--------+-----+--------+

Top non-repeatable levels by time:
     D:1: 520 daAuts
     D:2: 250 daAuts
